 Dungeon Crawl Stone Soup version 0.32-a0-913-g739538afd8 (webtiles) character file.

Game seed: 8413760864992099296

10 uglyjohn the Firebug (level 2, -2/20 HPs)
             Began as a Mountain Dwarf Fire Elementalist on Apr 9, 2024.
             Slain by a kobold
             ... wielding a +0 short sword
              (4 damage)
             ... on level 1 of the Dungeon.
             The game lasted 00:01:13 (115 turns).

uglyjohn the Firebug (MDFE)                          Turns: 115, Time: 00:01:14

Health: -2/20      AC:  2    Str: 10    XL:     2   Next: 10%
Magic:  0/5        EV: 10    Int: 15    God:
Gold:   0          SH:  0    Dex: 10    Spells: 4/5 levels left

rFire   . . .        c - +0 dagger
rCold   . . .        (no shield)
rNeg    . . .        a - +0 robe
rPois   .            (no helmet)
rElec   .            (no cloak)
rCorr   .            (no gloves)
SInv    .            (no boots)
Will    .....        (no amulet)
Stlth   ++           (no ring)
HPRegen 0.23/turn    (no ring)
MPRegen 0.09/turn

%: no passive effects
@: no status effects
A: runic magic, artefact enchanting
a: no special abilities


You were on level 1 of the Dungeon.
You visited 1 branch of the dungeon, and saw 1 of its levels.

Inventory:

Hand Weapons
 c - a +0 dagger (weapon)
Armour
 a - a +0 robe (worn)
Potions
 b - a potion of magic


   Skills:
 + Level 0.7 Armour
 - Level 1.3 Dodging
 - Level 1.4 Stealth
 + Level 2.0 Spellcasting
 + Level 1.2 Conjurations
 + Level 3.8 Fire Magic


You had 4 spell levels left.
You knew the following spells:

 Your Spells              Type           Power      Damage    Failure   Level
a - Foxfire               Conj/Fire      36%        2x1d5     8%          1

Your spell library contained the following spells:

 Spells                   Type           Power      Damage    Failure   Level
 Scorch                   Fire           26%        2d6       7%          2
 Inner Flame              Hex/Fire       7%         N/A       30%         3
 Volatile Blastmotes      Fire/Tloc      14%        2d11      30%         3
 Flame Wave               Conj/Fire      9%         2d6       61%         4


Dungeon Overview and Level Annotations

Branches:
Dungeon (1/15)

Altars:


Innate Abilities, Weirdness & Mutations

Your spellcasting is much less encumbered by armour.
You can use scrolls of enchantment on lesser artefacts.


Message History

The endoplasm is moderately wounded.
The foxfire hits the endoplasm.
The endoplasm is almost dead.
Things that are here:
a +0 club; 2 stones You conjure some foxfire!
The foxfire hits the endoplasm.
You kill the endoplasm!
The foxfire hits the kobold.
The kobold is severely wounded.
Things that are here:
a +0 club; 2 stones The kobold throws a stone.
The stone hits you. The quokka closely misses you.
The quokka attacks as it pursues you! The quokka closely misses you.
You conjure some foxfire!
The quokka bites you but does no damage.
The foxfire hits the quokka.
The quokka is heavily wounded.
The foxfire hits the kobold but does no damage.
The kobold is moderately wounded.
The quokka attacks as it pursues you! The quokka bites you.
You hit the quokka but do no damage.
The quokka is heavily wounded.
The quokka bites you but does no damage.
You closely miss the quokka.
The quokka is heavily wounded.
The quokka bites you.
The kobold hits you with a +0 short sword.
The quokka bites you.
* * * LOW HITPOINT WARNING * * *
You closely miss the quokka.
The quokka is heavily wounded.
The kobold hits you with a +0 short sword.
* * * LOW HITPOINT WARNING * * *
The quokka closely misses you.
Unknown command.
Found a brown potion.
The kobold attacks as it pursues you!
The kobold hits you with a +0 short sword.
You die...

.............. ..
..>........... ..
.............. #.
.............. #.
........††.... #.
.........)..## #.
#.###.......###
#.#.###........##.KJ.
#...@K#####....######
.......#r...........)...
.......#......######....
.......#......######....
.........?....#...##...#
.......#......+.<.'.#...
!......########...#.#.#.
....... #####...## ###
#####


You could see a quokka and a kobold.

Vanquished Creatures
  A dart slug (D:1)
  A ball python (D:1)
  An endoplasm (D:1)
  2 goblins (D:1)
  A kobold (D:1)
  A frilled lizard (D:1)
7 creatures vanquished.

Vanquished Creatures (others)
  18 foxfires (D:1)
18 creatures vanquished.

Grand Total: 25 creatures vanquished

Notes
Turn   | Place    | Note
-------+----------+-------------------------------------------
     0 | D:1      | uglyjohn the Mountain Dwarf Fire Elementalist began the
                  | quest for the Orb.
     0 | D:1      | Reached XP level 1. HP: 14/14 MP: 3/3
    25 | D:1      | Reached skill level 1 in Conjurations
    58 | D:1      | Reached XP level 2. HP: 20/20 MP: 0/5
   112 | D:1      | HP: 1/20 [kobold/+0 short sword (4)]
   115 | D:1      | Slain by a kobold

Illustrated notes

Levels and vault maps discovered:
D:1:      dpeg_arrival_tiny_h, layout_rooms

Skill      XL: |  1 |
---------------+----+-----
Conjurations   | 1 |  1.2
Spellcasting   | 2 |  2.0
Armour         | |  0.7
Dodging        | |  1.3
Stealth        | |  1.4
Fire Magic     | |  3.8

Action                     || total
---------------------------++-------
  Melee: Dagger            ||     7
   Cast: Foxfire           ||    11
 Armour: Robe              ||    14
  Dodge: Dodged            ||     8

Table legend: (Time is in decaauts)
 A = Elapsed time spent in this place.
 B = Non-inter-level travel time spent in this place.
 C = Inter-level travel time spent in this place.
 D = Time resting spent in this place.
 E = Time spent auto-exploring this place.
 F = Levels seen in this place.
 G = Mean time per level.
                   A        B        C        D        E       F      G
               +--------+--------+--------+--------+--------+-----+--------+
         Total |    114 |    114 |      0 |      3 |     30 |   1 |  114.0 |
       Dungeon |    114 |    114 |      0 |      3 |     30 |   1 |  114.0 |
               +--------+--------+--------+--------+--------+-----+--------+

Top non-repeatable levels by time:
     D:1: 114 daAuts
